Description

Probe Beginner Zerg Build Order Guide (2022)

(Thanks Probe for sharing your replay!)

This build is a pressure build and will teach you the basic zerg macro opener

Hyralisk Style

VOD

https://www.youtube.com/watch?v=cZLCA1nZl6A

Replay - 2000_Atmospheres_LE_30

Build Order

Get SALT Encoding   

  12  0:00  Drone  
  13  0:12  Overlord  
  13  0:20  Drone  
  14  0:31  Drone x2  
  16  0:38  Drone  
  17  0:52  Hatchery  
  17  0:55  Drone x2  
  18  1:08  Extractor  
  17  1:13  Spawning Pool  
  17  1:16  Drone x2  
  18  1:28  Drone  
  20  1:50  Overlord  
  20  2:00  Queen x2  
  22  2:04  Zergling x4  
  26  2:15  Metabolic Boost  
  30  2:33  Overlord  
  30  2:36  Queen x2  
  35  2:51  Overlord  
  41  3:19  Lair  
  48  3:31  Extractor x3  
  48  3:33  Overlord  
  54  4:14  Zergling x14  
  61  4:20  Hydralisk Den  
  61  4:24  Evolution Chamber  
  61  4:49  Muscular Augments  
  61  4:51  Hydralisk x7, Zerg Missile Weapons Level 1  
  75  5:00  Hydralisk  
  75  5:06  Hydralisk x2  
  83  5:17  Zergling x2  
  98  5:43  Hatchery  
  92  6:02  Grooved Spines  
Spawning Tool Build Advisor. Get it on Overwolf

Go to:

Details

  • Created by: Kenosua
  • Published on: Jul 09, 2022
  • Modified on: Jul 09, 2022
  • Patch: 4.11.0
  • Difficulty: Easy
Show
View Real Time Build Order
Export as new Build Order

Comments (0)

There are no comments. Be the first!

Create an account to comment!